 Dungeon Crawl Stone Soup version 0.29-a0-876-gfc89b1a5bd (webtiles) character file.

Game seed: 12176667350300174158

1962 jimonade the Covered (level 9, 0/59 (68) HPs)
             Began as a Formicid Fighter on July 19, 2022.
             Was a Follower of Okawaru.
             Slain by a wight
             ... wielding a +2 dire flail of freezing
              (1 damage)
             ... on level 6 of the Dungeon.
             The game lasted 00:15:09 (6320 turns).

jimonade the Covered (Formicid Fighter)             Turns: 6320, Time: 00:15:09

HP:   0/59 (68)     AC: 20    Str: 21    XL:     9   Next: 42%
MP:   12/12         EV:  8    Int: 14    God:    Okawaru [*.....]
Gold: 308           SH:  5    Dex: 13    Spells: 13/13 levels left

rFire   . . .      SeeInvis +   H - +0 short sword (elec)
rCold   . . .      Faith    .   c - +0 buckler
rNeg    + . .      Spirit   .   L - +0 chain mail
rPois   .          Reflect  .   (helmet unavailable)
rElec   .          Harm     .   B - +2 cloak
rCorr   .          Rampage  .   p - +1 pair of gloves
Will    .....                   (no boots)
Stlth   ..........              (no amulet)
HPRegen 0.19/turn               v - ring of positive energy
MPRegen 0.13/turn               D - ring "Dugappeev" {AC+4 Int+2}

@: heavily drained
A: permanent stasis, dig shafts and tunnels, antennae 3, four strong arms
a: Dig, Shaft Self, Renounce Religion, Heroism


You were on level 6 of the Dungeon.
You worshipped Okawaru.
Okawaru was aware of your devotion.
You visited 2 branches of the dungeon, and saw 8 of its levels.

You collected 308 gold pieces.

Inventory:

Hand Weapons
 a - a +0 quarterstaff
 k - a +1 whip of venom
 t - a +0 sling
 H - a +0 short sword of electrocution (weapon)
 N - a +3 spear
 Q - a +3 dire flail of freezing
Missiles
 g - 79 stones
 A - 2 boomerangs (quivered)
 G - a throwing net
 J - 9 poisoned darts
Armour
 b - a +0 scale mail
 c - a +0 buckler (worn)
 p - a +1 pair of gloves (worn)
 y - a +0 ring mail
 B - a +2 cloak (worn)
 L - a +0 chain mail (worn)
 O - the +2 leather armour of the Poles {Int+3}
   (You found it on level 7 of the Dungeon)

   Int:       It affects your intelligence (+3).
Magical Staves
 x - a staff of cold
Jewellery
 v - a ring of positive energy (left hand)
 D - the ring "Dugappeev" (right hand) {AC+4 Int+2}
   (You took it off a gnoll on level 4 of the Dungeon)

   [ring of protection]

   AC:        It affects your AC (+4).
   Int:       It affects your intelligence (+2).
Wands
 I - a wand of iceblast (5)
Scrolls
 e - a scroll of blinking {unknown}
 i - 2 scrolls of acquirement {unknown}
 j - 2 scrolls of noise {unknown}
 m - a scroll of brand weapon {unknown}
 n - 2 scrolls of fear {unknown}
 r - 6 scrolls of identify {unknown}
 w - 4 scrolls of teleportation {unknown}
 E - 2 scrolls of enchant armour {unknown}
 F - a scroll of amnesia {unknown}
Potions
 d - a potion of might
 h - 3 potions of mutation {unknown}
 l - 4 potions of haste {unknown}
 q - 3 potions of heal wounds {unknown}
 s - 2 potions of magic {unknown}
 u - 2 potions of flight {unknown}
 z - 3 potions of attraction {unknown}
 K - 2 potions of curing


   Skills:
 * Level 5.5 Fighting
 + Level 5.8(6.0) Maces & Flails
 - Level 2.1(4.2) Staves
 - Level 0.8 Throwing
 + Level 7.4 Armour
 - Level 2.2 Dodging
 + Level 5.8 Shields
 * Level 2.5 Spellcasting
 * Level 2.0 Hexes
 * Level 2.9 Earth Magic
 * Level 2.8 Invocations


You had 13 spell levels left.
You didn't know any spells.
Your spell library contained the following spells:

 Spells                   Type           Power      Damage    Failure   Level
 Slow                     Hex            28%        N/A       67%         1
 Confusing Touch          Hex            7%         N/A       95%         3
 Stone Arrow              Conj/Erth      10%        3d7       98%         3
 Gell's Gravitas          Tloc           1%         N/A       99%         3
 Teleport Other           Tloc           1%         N/A       99%         3
 Vampiric Draining        Necr           1%         2d6       99%         3
 Dispersal                Tloc           0%         N/A       100%        6
 Lehudib's Crystal Spear  Conj/Erth      2%         10d2      100%        8
 Animate Armour           Summ/Erth      Unusable   N/A       N/A         4

Dungeon Overview and Level Annotations

Branches:
Dungeon (7/15)             Temple (1/1) D:5

Altars:
Ashenzari
Cheibriados
Dithmenos
Elyvilon
Fedhas
Gozag
Hepliaklqana
Kikubaaqudgha
Makhleb
Nemelex Xobeh
Okawaru
Qazlal
Ru
Sif Muna
Trog
Uskayaw
Vehumet
Wu Jian
Xom
Yredelemnul
Zin


Innate Abilities, Weirdness & Mutations

You cannot be hasted, slowed, berserked, paralysed or teleported.
You can dig through walls and to a lower floor.
You have a pair of large antennae on your head. (SInv)
Your four strong arms can wield two-handed weapons with a shield.


Message History

You hit the wight but do no damage.
The wight hits you with a +2 dire flail of freezing.
You partially resist.
You feel drained. The wight freezes you.
You barely miss the wight.
The wight hits you with a +2 dire flail of freezing!
You partially resist.
You feel drained. The wight freezes you.
You hit the wight.
The wight is lightly damaged.
The wight hits you but does no damage.
You closely miss the wight.
The wight is lightly damaged.
The wight barely misses you.
You hit the wight but do no damage.
The wight is lightly damaged.
The wight hits you but does no damage.
The wight hits you with a +2 dire flail of freezing.
You partially resist.
You feel drained. The wight freezes you.
You barely miss the wight.
The wight is lightly damaged.
You block the wight's attack.
You completely miss the wight.
The wight is lightly damaged.
The wight hits you with a +2 dire flail of freezing!
* * * LOW HITPOINT WARNING * * *
You partially resist.
You feel drained.
* * * LOW HITPOINT WARNING * * *
The wight freezes you.
* * * LOW HITPOINT WARNING * * *
You hit the wight.
The wight is heavily damaged.
The wight hits you but does no damage.
You closely miss the wight.
The wight is heavily damaged.
The wight barely misses you.
You hit the wight.
The wight is severely damaged.
The wight hits you with a +2 dire flail of freezing.
* * * LOW HITPOINT WARNING * * *
The wight freezes you.
You die...

.....#..###..............####....
..#....<.#..####...##....#.##.##.
.##......#..###..###...#...##.###
.......)....#.#..###..#........##
...#.....#............##......###
......................)..##...#..
.....##..###..#..................
....#######....z............###..
..### #.......@............##..
.## #####..##.................###
## #.....###..##..#..........###
#.............###..........##
##.......####[...#.........##
#.#....## ###[.#...........
#####..# ##...##....##.... ####
#<....#....####.. #..........#
#...


You could see a wight.

Vanquished Creatures
  A hornet (D:5)
  Eustachio (D:6)
  2 water moccasins
  Duvessa (D:4)
  2 black bears
  An ogre (D:6)
  A centaur (D:6)
  A phantom (D:6)
  Blork the orc (D:4)
  2 bullfrogs (D:7)
  A scorpion (D:4)
  3 wights
  Dowan (D:4)
  A howler monkey (D:6)
  A gnoll bouda (D:4)
  2 jellies
  2 iguanas
  11 gnolls
  8 adders
  A white imp (D:6)
  A worm (D:5)
  A dart slug (D:1)
  8 orcs
  7 endoplasms
  A giant cockroach (D:2)
  2 goblins
  3 hobgoblins (D:2)
  4 jackals (D:1)
  5 kobolds
  2 quokkas (D:2)
  6 ball pythons
  4 bats
  3 frilled lizards
  3 rats
94 creatures vanquished.

Notes
Turn   | Place    | Note
-------+----------+-------------------------------------------
     0 | D:1      | jimonade the Formicid Fighter began the quest for the Orb.
     0 | D:1      | Reached XP level 1. HP: 18/18 MP: 1/1
   271 | D:1      | Reached XP level 2. HP: 23/24 MP: 2/2
   601 | D:1      | Reached XP level 3. HP: 28/29 MP: 3/3
  1131 | D:2      | Reached skill level 1 in Maces & Flails
  1292 | D:2      | Found a sacrificial altar of Ru.
  1453 | D:2      | Found a faded altar of an unknown god.
  1818 | D:3      | Reached skill level 4 in Armour
  1818 | D:3      | Reached XP level 4. HP: 37/37 MP: 4/4
  2020 | D:3      | Found a bloodstained altar of Trog.
  2020 | D:3      | Found a glowing silver altar of Zin.
  2021 | D:3      | Found an opulent altar of Gozag.
  2255 | D:4      | Noticed Duvessa
  2255 | D:4      | Noticed Dowan
  2304 | D:4      | Noticed a black bear
  2314 | D:4      | Killed a black bear
  2315 | D:4      | Reached XP level 5. HP: 29/42 MP: 5/5
  2418 | D:4      | Reached skill level 1 in Dodging
  2418 | D:4      | Reached XP level 6. HP: 48/48 MP: 6/6
  2463 | D:4      | Killed Duvessa
  2464 | D:4      | Reached skill level 5 in Armour
  2469 | D:4      | Killed Dowan
  2470 | D:4      | Reached XP level 7. HP: 55/55 MP: 7/7
  2530 | D:4      | Noticed Blork the orc
  2793 | D:4      | Killed Blork the orc
  2837 | D:4      | Identified the ring "Dugappeev" {AC+4 Int+2}
  3336 | D:5      | Entered Level 5 of the Dungeon
  3356 | D:5      | Noticed a water moccasin
  3373 | D:5      | Killed a water moccasin
  3374 | D:5      | Reached skill level 6 in Armour
  3374 | D:5      | Reached skill level 5 in Shields
  3503 | D:5      | Noticed a hornet
  3514 | D:5      | Killed a hornet
  3515 | D:5      | Reached XP level 8. HP: 50/61 MP: 8/8
  3773 | D:5      | Found a staircase to the Ecumenical Temple.
  3835 | Temple   | Entered the Ecumenical Temple
  3942 | Temple   | Became a worshipper of Warmaster Okawaru
  4396 | D:6      | Reached skill level 5 in Maces & Flails
  4526 | D:6      | Reached skill level 1 in Spellcasting
  4526 | D:6      | Reached skill level 1 in Earth Magic
  4526 | D:6      | Reached skill level 1 in Invocations
  4696 | D:6      | Reached skill level 7 in Armour
  4940 | D:6      | Reached skill level 5 in Fighting
  5069 | D:6      | Noticed Eustachio
  5089 | D:6      | Killed Eustachio
  5089 | D:6      | Reached * piety under Okawaru
  5090 | D:6      | Reached skill level 1 in Hexes
  5090 | D:6      | Reached XP level 9. HP: 57/68 MP: 10/12
  5577 | D:7      | Identified the +2 leather armour of the Poles {Int+3}
  6320 | D:6      | HP: 1/59 [wight/+2 dire flail of freezing (5)]
  6320 | D:6      | Slain by a wight

Illustrated notes

Levels and vault maps discovered:
D:1:      heliophobic_arrival_glass_houses, layout_basic,
          hangedman_decor_clover_reticule
D:2:      minmay_inner_zag, layout_basic, dreamdust_ecumenical_altar_statues,
          basic_altar, hangedman_abyss_or_decor_stabs
D:3:      layout_basic, gammafunk_temple_overflow_forgotten
D:4:      layout_rooms, uniq_blork_the_orc, uniq_duvessa
D:5:      layout_rooms, minmay_temple_entry_mini_moons
D:6:      layout_cave_pools, uniq_eustachio
D:7:      layout_gridville
Temple:   dpeg_three_leaves_temple

Skill      XL: |  1  2  3  4  5  6  7  8  9 |
---------------+----------------------------+-----
Maces & Flails | 1 2 3 4 5 |  5.8
Armour         | 4 5 6 7 |  7.4
Fighting       | 4 5 |  5.5
Dodging        | 1 2 |  2.2
Shields        | 5 |  5.8
Spellcasting   | 2 |  2.5
Earth Magic    | 2 |  2.9
Invocations    | 2 |  2.8
Hexes          | 1 2 |  2.0
Staves         | |  2.1
Throwing       | |  0.8

Action                   |  1- 3 |  4- 6 |  7- 9 || total
-------------------------+-------+-------+-------++-------
Melee: Quarterstaff      |    15 |       |       ||    15
       Whip              |    90 |    31 |   256 ||   377
       Short sword       |       |       |    52 ||    52
Throw: Boomerang         |       |     4 |     1 ||     5
Armor: Scale mail        |    46 |    24 |    43 ||   113
       Chain mail        |       |       |   123 ||   123
Dodge: Dodged            |    38 |    13 |   120 ||   171
Block: Buckler           |    21 |     9 |    69 ||    99

Table legend: (Time is in decaauts)
 A = Elapsed time spent in this place.
 B = Non-inter-level travel time spent in this place.
 C = Inter-level travel time spent in this place.
 D = Time resting spent in this place.
 E = Time spent auto-exploring this place.
 F = Levels seen in this place.
 G = Mean time per level.
                   A        B        C        D        E       F      G
               +--------+--------+--------+--------+--------+-----+--------+
         Total |   6305 |   6004 |    301 |    525 |   4139 |   8 |  788.1 |
       Dungeon |   6188 |   5895 |    293 |    525 |   4083 |   7 |  884.0 |
        Temple |    116 |    108 |      8 |      0 |     56 |   1 |  116.0 |
               +--------+--------+--------+--------+--------+-----+--------+

Top non-repeatable levels by time:
     D:6: 1340 daAuts
     D:1: 945 daAuts
     D:3: 866 daAuts
     D:4: 824 daAuts
     D:5: 780 daAuts
     D:7: 727 daAuts
     D:2: 705 daAuts
  Temple: 116 daAuts
